 Dungeon Crawl Stone Soup version 0.21-a0-150-gc243083 (webtiles) character file.

333 IsaacBound the Chopper (level 6, -1/47 HPs)
             Began as a Demonspawn Berserker on July 29, 2017.
             Was a Believer of Trog.
             Slain by Grinder (4 damage)
             ... on level 4 of the Dungeon.
             The game lasted 00:02:11 (1872 turns).

IsaacBound the Chopper (Demonspawn Berserker)       Turns: 1872, Time: 00:02:12

Health: -1/47      AC: 10    Str: 19    XL:     6   Next: 27%
Magic:  6/6        EV:  8    Int:  9    God:    Trog [**....]
Gold:   88         SH:  0    Dex: 12    Spells: 5/5 levels left

rFire    . . .     SeeInvis .   a - +0 hand axe
rCold    . . .     Gourm    .   (no shield)
rNeg     . . .     Faith    .   o - +0 chain mail
rPois    .         Spirit   .   (no helmet)
rElec    .         Reflect  .   (no cloak)
rCorr    .         Harm     .   (no gloves)
MR       .....                  (no boots)
Stlth    ..........             (no amulet)
HPRegen  0.15/turn              m - ring of flight
MPRegen  0.10/turn              (no ring)

@: berserk cooldown, slowed, very slow
A: iridescent scales 1, nightstalker 2
a: Berserk, Trog's Hand, Burn Spellbooks, Renounce Religion, Evoke Flight


You were on level 4 of the Dungeon.
You worshipped Trog.
Trog was pleased with you.
You were not hungry.

You visited 1 branch of the dungeon, and saw 3 of its levels.

You collected 88 gold pieces.

Inventory:

Hand Weapons
 a - a +0 hand axe (weapon)
Missiles
 i - 5 tomahawks (quivered)
Armour
 b - a +0 animal skin
 o - a +0 chain mail (worn)
Jewellery
 m - a ring of flight (left hand)
Scrolls
 d - a scroll of blinking {unknown}
 e - 3 scrolls of teleportation {unknown}
 f - a scroll of random uselessness {unknown}
 g - a scroll of enchant armour {unknown}
 l - a scroll of enchant weapon {unknown}
 n - 6 scrolls of identify {unknown}
 p - a scroll of amnesia {unknown}
Potions
 h - a potion of berserk rage {unknown}
 k - a potion of curing {unknown}
 q - a potion of resistance {unknown}
 r - 2 potions of might {unknown}
Comestibles
 c - a bread ration
 j - 2 meat rations


   Skills:
 + Level 3.0 Fighting
 + Level 6.4 Axes
 + Level 1.7 Armour
 + Level 1.7 Dodging


You had 5 spell levels left.
You didn't know any spells.

Dungeon Overview and Level Annotations

Branches:
Dungeon (2/15)

Altars:
Elyvilon
Zin
The Shining One

Annotations:
D:4 Grinder


Innate Abilities, Weirdness & Mutations

You are partially covered in iridescent scales. (AC +2)
You are significantly more attuned to the shadows.


Message History

You hit Grinder but do no damage.
Grinder is almost dead.
Grinder gestures at you.
You suddenly lose the ability to move!
Grinder hits you but does no damage.
You can move again.
You barely miss Grinder.
Grinder is almost dead.
Grinder gestures at you.
You shrug off the repeated paralysis!
Grinder hits you but does no damage.
You hit Grinder.
Grinder is almost dead.
Grinder barely misses you.
You hit Grinder but do no damage.
Grinder is almost dead.
Grinder barely misses you. Grinder misses you.
Your chain mail prevents you from hitting Grinder.
Grinder is almost dead.
Grinder hits you.
You die...

#.#.#....##...#.#
#.#.##.####.#.#.#
#.#........<#...#
#.#..#.### #...#
#.#.....# #...#
##.#.....# #.#
....#.#..# #>#
###......# #.#
##....#.## #@#
.........# #5# #
.#.#############.#.###
.#...............#....
.#....................
.#.#...#.........#####
##.#.#.#.#######.#
#.#.......# #.#
##.###.#.#.# #.#


You could see Grinder.

Vanquished Creatures
  The ghost of Perturabo the Slasher, an amateur DsGl (D:4)
  3 wights (D:4)
  2 worker ants (D:4)
  A dart slug (D:1)
  2 leopard geckos (D:1)
  5 orcs (D:4)
  A ball python (D:1)
  2 giant cockroaches (D:1)
  5 goblins
  3 hobgoblins (D:1)
  6 bats (D:1)
  2 frilled lizards (D:1)
  3 kobolds (D:1)
  2 rats (D:1)
38 creatures vanquished.

Vanquished Creatures (others)
  4 toadstools (D:1)
4 creatures vanquished.

Grand Total: 42 creatures vanquished

Notes
Turn   | Place    | Note
-------+----------+-------------------------------------------
     0 | D:1      | IsaacBound the Demonspawn Berserker began the quest for the Orb.
     0 | D:1      | Reached XP level 1. HP: 18/18 MP: 1/1
   234 | D:1      | Reached skill level 3 in Axes
   260 | D:1      | Gained mutation: You are slightly more attuned to the shadows. [demonic ancestry]
   260 | D:1      | Reached XP level 2. HP: 18/24 MP: 2/2
   727 | D:1      | Reached XP level 3. HP: 28/29 MP: 3/3
   728 | D:1      | Reached ** piety under Trog
   996 | D:2      | You fall through a shaft for 2 floors!
  1007 | D:4      | Reached skill level 4 in Axes
  1266 | D:4      | Noticed Perturabo's ghost (amateur DsGl)
  1279 | D:4      | HP: 2/43 [Perturabo's ghost (13)]
  1280 | D:4      | Killed Perturabo's ghost
  1280 | D:4      | Reached skill level 5 in Axes
  1280 | D:4      | Gained mutation: You are partially covered in iridescent scales. (AC +2) [demonic ancestry]
  1280 | D:4      | Reached XP level 4. HP: 2/35 MP: 4/4
  1280 | D:4      | Reached XP level 5. HP: 3/41 MP: 5/5
  1528 | D:4      | Found a glowing golden altar of the Shining One.
  1528 | D:4      | Found a white marble altar of Elyvilon.
  1530 | D:4      | Found a glowing silver altar of Zin.
  1546 | D:4      | Reached skill level 6 in Axes
  1546 | D:4      | Gained mutation: You are significantly more attuned to the shadows. [demonic ancestry]
  1546 | D:4      | Reached XP level 6. HP: 47/47 MP: 6/6
  1839 | D:4      | Noticed Grinder
  1866 | D:4      | HP: 2/47 [Grinder (7)]
  1867 | D:4      | Paralysed by Grinder for 2 turns
  1872 | D:4      | Slain by Grinder

Vault maps used:
D:1:      ldierk_walled_garden_2
D:2:      uniq_crazy_yiuf_cottage
D:4:      good_gods_mini_temple, uniq_grinder

Skill      XL: |  1  2  3  4  5 |
---------------+----------------+-----
Axes           | 3 5 6 |  6.4
Fighting       | |  3.0
Armour         | |  1.7
Dodging        | |  1.7

Action                   |  1- 3 |  4- 6 || total
-------------------------+-------+-------++-------
Melee: Hand axe          |    97 |    41 ||   138
Invok: Berserk           |     2 |     3 ||     5
 Stab: Sleeping          |     3 |       ||     3
  Eat: Royal jelly       |     1 |       ||     1
       Chunk             |       |     2 ||     2
       Bread ration      |       |     1 ||     1
Armor: Animal skin       |    19 |       ||    19
       Chain mail        |       |    20 ||    20
Dodge: Dodged            |    86 |    11 ||    97
